 Dungeon Crawl Stone Soup version 0.28.0-43-g3370ac3207 (webtiles) character file.

Game seed: 839275084033631946

602803 xzight the Slayer (level 27, -3/136 HPs)
             Began as a Gargoyle Fighter on Mar 14, 2022.
             Was the Champion of Okawaru.
             Killed from afar by a starcursed mass (5 damage)
             ... with an accursed screaming
             ... on level 5 of the Abyss.
             The game lasted 03:06:23 (92994 turns).

xzight the Slayer (Gargoyle Fighter)               Turns: 92994, Time: 03:06:24

Health: -3/136     AC: 66    Str: 25 (27) XL:     27
Magic:  34/34      EV: 15    Int:  8 (17) God:    Okawaru [******]
Gold:   5676       SH: 30    Dex: 19 (20) Spells: 26/26 levels left

rFire   + + +      SeeInvis +   a - +9 broad axe (freeze)
rCold   + + +      Faith    .   S - +0 tower shield {AC+3}
rNeg    + . .      Spirit   .   M - +8 gold dragon scales
rPois   ∞          Reflect  +   Z - +2 hat
rElec   +          Harm     .   g - +1 cloak "Savec" {Will+ Str+4 Int-2}
rCorr   .          Rampage  .   z - +4 pair of gloves "Gurchafe" {Will+}
Will    ++++.                   J - +2 pair of boots
Stlth   ..........              B - amulet of reflection
HPRegen 0.32/turn               T - ring of Eckoom {EV+4 Int+8}
MPRegen 0.24/turn               i - ring "Ashraxzoy" {rF+ rC+ Str-5 Dex+7 SInv}

@: mighty, brilliant, finesse-ful, flying, hasted and slowed, lost intelligence,
constricted, unable to read
A: sickness immunity, AC +20, big wings, negative energy resistance 1,
electricity resistance, torment resistance 1, petrification resistance, antennae
2, cold resistance 1, deterioration 1, fire resistance 1, frail 3, [deformed
body], [inability to read while threatened]
}: 3/15 runes: decaying, silver, gossamer
a: Renounce Religion, Heroism, Finesse, Duel


You were on level 5 of the Abyss.
You worshipped Okawaru.
Okawaru was exalted by your worship.
You visited 10 branches of the dungeon, and saw 49 of its levels.
You visited the Abyss 2 times.
You also visited: Ossuary, Gauntlet and Volcano.

You collected 7413 gold pieces.
You spent 1737 gold pieces at shops.


Innate Abilities, Weirdness & Mutations

You are immune to sickness and miasma.
Your stone body is resilient. (AC +20)
You are immune to poison.
Your large and strong wings let you fly.
You resist negative energy. (rN+)
You are resistant to electric shocks. (rElec)
You are resistant to unholy torment.
You are immune to petrification.
You have a pair of antennae on your head.
Your flesh is cold resistant. (rC+)
Your body sometimes deteriorates upon taking damage.
Your flesh is heat resistant. (rF+)
You are extremely frail. (-30% HP)
[Armour fits poorly on your strangely shaped body.]
[You sometimes lose the ability to read scrolls when taking damage.]


   Skills:
 + Level 25.9 Fighting
 - Level 18.0 Axes
 + Level 24.4 Armour
 + Level 16.4 Dodging
 + Level 24.4 Shields
 + Level 15.9 Invocations
 - Level 8.0 Evocations


You had 26 spell levels left.
You didn't know any spells.
Your spell library contained the following spells:

 Spells                   Type           Power      Damage    Failure   Level
 Apportation              Tloc           0%         N/A       99%         1
 Foxfire                  Conj/Fire      0%         2x1d4     99%         1
 Freeze                   Ice            0%         1d3       99%         1
 Magic Dart               Conj           0%         1d3       99%         1
 Pain                     Necr           0%         1d4       99%         1
 Shock                    Conj/Air       0%         1d3       99%         1
 Sting                    Tmut/Pois      0%         1d3       99%         1
 Blink                    Tloc           0%         N/A       100%        2
 Passwall                 Tmut/Erth      0%         N/A       100%        2
 Poisonous Vapours        Pois/Air       0%         N/A       100%        2
 Scorch                   Fire           0%         2d5       100%        2
 Static Discharge         Conj/Air       0%         N/A       100%        2
 Wereblood                Tmut           0%         N/A       100%        2
 Conjure Flame            Conj/Fire      0%         6-21      100%        3
 Dazzling Flash           Conj/Hex       0%         N/A       100%        3
 Frozen Ramparts          Ice            0%         1d2       100%        3
 Ignite Poison            Fire/Tmut/Pois 0%         N/A       100%        3
 Inner Flame              Hex/Fire       0%         N/A       100%        3
 Lesser Beckoning         Tloc           0%         N/A       100%        3
 Mephitic Cloud           Conj/Pois/Air  0%         N/A       100%        3
 Portal Projectile        Hex/Tloc       0%         N/A       100%        3
 Cause Fear               Hex            0%         N/A       100%        4
 Dispel Undead            Necr           0%         3d6       100%        4
 Flame Wave               Conj/Fire      0%         2d4       100%        4
 Hailstorm                Conj/Ice       0%         3d3       100%        4
 Iskenderun's Mystic Bla  Conj/Tloc      0%         2d3       100%        4
 Olgreb's Toxic Radiance  Pois           0%         N/A       100%        4
 Passage of Golubria      Tloc           0%         N/A       100%        4
 Petrify                  Tmut/Erth      0%         N/A       100%        4
 Sticky Flame             Conj/Fire      0%         2d3       100%        4
 Agony                    Necr           0%         N/A       100%        5
 Alistair's Intoxication  Tmut/Pois      0%         N/A       100%        5
 Blade Hands              Tmut           0%         N/A       100%        5
 Borgnjor's Vile Clutch   Necr/Erth      0%         N/A       100%        5
 Excruciating Wounds      Necr           0%         N/A       100%        5
 Fireball                 Conj/Fire      0%         3d3       100%        5
 Irradiate                Conj/Tmut      0%         3d13      100%        5
 Iskenderun's Battlesphe  Conj           0%         2d6       100%        5
 Manifold Assault         Tloc           0%         N/A       100%        5
 Silence                  Hex/Air        0%         N/A       100%        5
 Eringya's Noxious Bog    Tmut/Pois      0%         N/A       100%        6
 Iron Shot                Conj/Erth      0%         9d1       100%        6
 Starburst                Conj/Fire      0%         6d3       100%        6
 Ozocubu's Refrigeration  Ice            0%         4d5       100%        7
 Storm Form               Tmut/Air       0%         N/A       100%        7
 Discord                  Hex            0%         N/A       100%        8
 Ignition                 Fire           0%         3d3       100%        8
 Lehudib's Crystal Spear  Conj/Erth      0%         10d2      100%        8
 Chain Lightning          Conj/Air       0%         N/A       100%        9
 Fire Storm               Conj/Fire      0%         5d1       100%        9
 Shatter                  Erth           0%         3d5*      100%        9
 Call Imp                 Summ           Unusable   N/A       N/A         2
 Sublimation of Blood     Necr           Unusable   N/A       N/A         2
 Spellforged Servitor     Conj/Summ      Unusable   N/A       N/A         7
 Summon Hydra             Summ           Unusable   N/A       N/A         7

Inventory:

Hand Weapons
 a - a +9 broad axe of freezing (weapon)
 b - a +2 broad axe of flaming
Missiles
 h - 19 boomerangs (quivered)
 C - 2 throwing nets {=f}
Armour
 g - the +1 cloak "Savec" (worn) {Will+ Str+4 Int-2}
   (Okawaru gifted it to you on level 2 of the Vaults)

   Str:       It affects your strength (+4).
   Int:       It affects your intelligence (-2).
   Will:      It increases your willpower.
 z - the +4 pair of gloves "Gurchafe" (worn) {Will+}
   (You acquired it on level 1 of the Spider Nest)

   Will:      It increases your willpower.
 J - a +2 pair of boots (worn)
 M - +8 gold dragon scales (worn)
 S - a +0 tower shield of protection (worn)
 Z - a +2 hat (worn)
Jewellery
 i - the ring "Ashraxzoy" (right hand) {rF+ rC+ Str-5 Dex+7 SInv}
   (You found it on level 7 of the Dungeon)

   [ring of protection from fire]

   Str:       It affects your strength (-5).
   Dex:       It affects your dexterity (+7).
   rF:        It protects you from fire.
   rC:        It protects you from cold.
   SInv:      It lets you see invisible.
 p - the ring of Immorality {rN+ Will+ Stlth+}
   (You found it on level 5 of the Vaults)

   [ring of willpower]

   rN:        It protects you from negative energy.
   Will:      It increases your willpower.
   Stlth:     It makes you more stealthy.
 q - the ring "Timusua" {Wiz rC+ rN+}
   (You took it off a deep elf sorcerer on level 3 of the Elven Halls)

   [ring of wizardry]

   It improves your spell success rate.
   rC:        It protects you from cold.
   rN:        It protects you from negative energy.
 B - an amulet of reflection (around neck)
 D - a +6 ring of dexterity
 F - a ring of protection from fire
 R - a ring of resist corrosion
 T - the ring of Eckoom (left hand) {EV+4 Int+8}
   (You found it on level 5 of the Vaults)

   [ring of evasion]

   EV:        It affects your evasion (+4).
   Int:       It affects your intelligence (+8).
 Y - a +4 ring of slaying
Wands
 c - a wand of polymorph (13)
 e - a wand of acid (13)
 m - a wand of mindburst (32)
 n - a wand of paralysis (45)
 s - a wand of digging (36)
 t - a wand of flame (90)
 X - a wand of iceblast (48)
Scrolls
 f - 11 scrolls of holy word
 l - 9 scrolls of silence {!r}
 r - a scroll of magic mapping
 w - 4 scrolls of fog
 E - 6 scrolls of teleportation {@r2}
 O - 3 scrolls of fear
 P - 30 scrolls of identify {@r1}
 W - 3 scrolls of blinking
Potions
 d - 3 potions of might
 j - 10 potions of cancellation
 k - 7 potions of attraction
 o - 20 potions of curing {@q1}
 u - a potion of ambrosia
 x - 2 potions of mutation
 y - 8 potions of lignification
 G - 4 potions of resistance
 H - 2 potions of brilliance
 I - 7 potions of invisibility
 Q - 4 potions of magic
 V - 4 potions of haste {@q3}
Miscellaneous
 A - a phial of floods
 K - a piece from Xom's chessboard (15/15)
 L - a condenser vane

Dungeon Overview and Level Annotations

Branches:
Dungeon (15/15)            Temple (1/1) D:5            Lair (6/6) D:8
  Swamp (4/4) Lair:3       Spider (4/4) Lair:2        Slime (0/5) Lair:6
    Orc (2/2) D:9             Elf (3/3) Orc:2        Vaults (5/5) D:14
  Crypt (0/3) Vaults:3     Depths (4/4) D:15            Zot (5/5) Depths:4
Ossuary (visited)         Volcano (visited)         Gauntlet (visited)

Altars:
Ashenzari
Cheibriados
Dithmenos
Elyvilon
Fedhas
Gozag
Hepliaklqana
Kikubaaqudgha
Makhleb
Nemelex Xobeh
Okawaru
Qazlal
Ru
Sif Muna
Trog
Uskayaw
Vehumet
Wu Jian
Xom
Yredelemnul
Zin
The Shining One
Beogh

Shops:
D:14 ([   Orc:1 *   Orc:2 !(*(   Elf:1 *   Vaults:4 *(   Depths:1 [?**(

Portals:
Hell: Depths:1 Depths:2 Depths:3 Depths:4
Abyss: Depths:1 Depths:2 Depths:3 Depths:4
Pandemonium: Depths:2 Depths:4
Ziggurat: Depths:1
Trove: Depths:3 (give +8 demon trident)

Annotations:
D:5 2 runed translucent doors, jimonade's ghost, novice GnWn
D:6 (unid ring)
D:7 4 runed translucent doors, mrw3rdna's ghost, novice OgFE
D:10 2 runed translucent doors, Ekaitz's ghost, journeyman DsFE
Lair:4 3 runed translucent doors, Ceyroiss's ghost, journeyman HuWn
Lair:6 exclusion: obsidian statue
Vaults:2 5 transporters

### #.. ..#
░.### ▒▒ ░...
.. ##..#▒#
#.░#.....#
░░..#@...# ▒▒
#░░..#X#..### #
▓#.#X##..#.. ░
#..✱#.q..##. ▓
##..h#. G...#
▒).####.{{.##.#
# . ... ▒h{h..#
.
.#####▒▒▒D#hh##
....▒§X☼X.G#


You could see a starcursed mass, a tentacled monstrosity, a black draconian
knight (fast, invisible, catching breath), a wretched star, a glowing orange
brain and a raiju (summoned).


Message History

The black draconian knight gestures wildly while chanting.
The black draconian knight seems to speed up.
The wretched star is engulfed in blazing flames.
The wretched star pulses with an eldritch light!
Unknown command.
The black draconian knight is engulfed in blazing flames.
The wretched star is engulfed in blazing flames.
The black draconian knight mumbles some strange words.
The black draconian knight flickers and vanishes for a moment.
The black draconian knight is engulfed in blazing flames.
The wretched star is engulfed in blazing flames.
The bone dragon is engulfed in blazing flames.
The wretched star is engulfed in blazing flames.
The wretched star is destroyed!
The bone dragon is engulfed in blazing flames.
A chorus of shrieks assaults your mind.
* * * LOW HITPOINT WARNING * * *
The bone dragon is engulfed in blazing flames.
You feel better.
You feel like a meek peon again.
The black draconian knight breathes lightning at you.
The bolt of lightning hits you! You resist.
* * * LOW HITPOINT WARNING * * *
The tentacled monstrosity misses you.
You block the tentacled monstrosity's attack. x2
The tentacled monstrosity grabs you.
The tentacled monstrosity constricts you.
* * * LOW HITPOINT WARNING * * *
The starcursed mass shrieks in your mind.
You die...

Skill      XL: |  1  2  3  4  5  6  7  8  9 10 11 12 13 14 15 16 17 18 19 20 21 22 23 24 25 26 27 |
---------------+----------------------------------------------------------------------------------+-----
Axes           | 2 3 4 5 6 7 9 10 11 13 14 15 16 17 18 | 18.0
Shields        | 4 5 6 7 8 9 10 11 12 13 14 15 16 17 18 19 20 21 22 23 24 | 24.4
Fighting       | 4 5 6 7 8 9 10 11 12 13 14 15 16 17 18 19 20 21 23 24 25 | 25.9
Armour         | 4 5 6 7 8 9 10 11 12 13 14 15 16 17 18 19 20 21 22 23 24 | 24.4
Invocations    | 2 4 6 7 8 10 11 12 13 14 15 | 15.9
Dodging        | 7 9 10 11 12 13 14 15 16 | 16.4
Evocations     | 2 7 8 |  8.0

Action                   |  1- 3 |  4- 6 |  7- 9 | 10-12 | 13-15 | 16-18 | 19-21 | 22-24 | 25-27 || total
-------------------------+-------+-------+-------+-------+-------+-------+-------+-------+-------++-------
Melee: War axe           |   111 |   113 |   395 |   692 |  1369 |       |       |       |       ||  2680
       Hand axe          |       |       |       |    14 |    74 |    96 |       |       |       ||   184
       Broad axe         |       |       |       |       |   108 |  1405 |  1615 |  1585 |  1923 ||  6636
       Headbutt          |       |       |       |       |       |       |       |   427 |   215 ||   642
Invok: Heroism           |       |       |       |     8 |     2 |     4 |     4 |     3 |     8 ||    29
       Finesse           |       |       |       |     6 |     5 |     5 |     9 |     6 |    11 ||    42
       Duel              |       |       |       |       |       |       |     1 |       |       ||     1
Evoke: Wand              |       |     3 |       |     3 |     4 |       |     1 |     1 |       ||    12
  Use: Scroll            |     1 |       |     9 |    12 |     9 |     9 |    11 |    13 |    16 ||    80
       Potion            |       |     2 |       |     5 |     8 |     4 |    12 |    15 |    24 ||    70
 Stab: Distracted        |       |       |       |       |     1 |       |       |     2 |     3 ||     6
       Confused          |       |       |       |       |       |     3 |       |       |     5 ||     8
Armor: Scale mail        |    20 |       |       |       |       |       |       |       |       ||    20
       Chain mail        |    85 |    94 |   323 |   578 |   912 |  1073 |   564 |       |       ||  3629
       Fire dragon scale |       |       |       |       |     6 |       |       |       |       ||     6
       Skin              |       |       |       |       |     8 |       |       |       |       ||     8
       Crystal plate arm |       |       |       |       |       |       |   232 |   382 |       ||   614
       Gold dragon scale |       |       |       |       |       |       |       |   244 |   885 ||  1129
Dodge: Dodged            |    51 |    62 |   150 |   285 |   489 |   491 |   399 |   263 |   483 ||  2673
Block: Buckler           |    28 |    33 |    99 |   239 |   370 |       |       |       |       ||   769
       Kite shield       |       |       |       |       |   299 |  1060 |   284 |       |       ||  1643
       Reflection        |       |       |       |       |    12 |     3 |    49 |    36 |    42 ||   142
       Tower shield      |       |       |       |       |       |       |  1093 |  1569 |  1904 ||  4566

Levels and vault maps discovered:
D:1:      saegor_arrival_under_anarchy, layout_basic,
          shapermc_ecumenical_altar_rom_forum
D:2:      layout_loops_ring, minmay_misc_feat_cross, kennysheep_generic_room_14,
          uniq_terence
D:3:      layout_basic, mainiacjoe_overflow_six_doors_small,
          overflow_temple_1_default, roderic_cross_of_infinity,
          minmay_misc_feat_columns, hangedman_feature_mirror, uniq_grinder,
          uniq_ijyb
D:4:      layout_cave_pods, trog_three_pillars_becter, st_stairs_10
D:5:      layout_loops_ring, vehumet_altar_wand_db, lemuel_temple_firewalk_b,
          ebering_ghost_sewer_f, kennysheep_generic_room_12
D:6:      layout_loops_corners, nicolae_qazlal_style_of_elements,
          gammafunk_ghost_hive, serial_glass, glass_columns_a, glass_columns_b,
          nicolae_zen_rock_garden, kennysheep_generic_room_16
D:7:      minmay_the_grid_triangle_9x9_rhombus_thin
          [minmay_the_grid_triangle_9x9_windchime,
          minmay_the_grid_triangle_9x9_prize_special,
          minmay_the_grid_triangle_9x9_alien,
          minmay_the_grid_triangle_9x9_subtriangle], layout_gridville,
          grunt_dithmenos_shadows, ebering_ghost_rock_garden,
          nicolae_ossuary_entry_ruins, minmay_misc_feat_enclosed
D:8:      layout_cave_pools, lemuel_round_altar,
          mainiacjoe_overflow_divided_tiny, david_lair_generic,
          minmay_misc_feat_secret_circle, minmay_fractal_squares_diagonal_5
D:9:      minmay_cut_squares, layout_loops_ring, zin_statuary,
          hiddenorc2_lemuel, nrook_mini_backslash
D:10:     layout_basic, slow_altar_1, ebering_ghost_disaster_area, uniq_erolcha
D:11:     layout_long_grid
D:12:     layout_gridville
D:13:     layout_roguey, gauntlet_entry_generic, uniq_nessos, uniq_josephine
D:14:     layout_loops_ring, skrybe_vaults_entry_preservation, serial_shops,
          shop, shop, minmay_stone_trees_small
D:15:     gammafunk_depths_entry_grave, layout_irregular_city, dk_noncrumbling_4
Temple:   minmay_temple_curvy_loop
Lair:1:   layout_misc_corridors, special_room [special_room_bee], st_stairs_9,
          grunt_forest_large_clearing_hut
Lair:2:   layout_small_grid, dummy_spider_entry, enter_volcano_2,
          nicolae_lair_lindhole, grunt_megastairs_5
Lair:3:   layout_gridlike, skrybe_swamp_entry_bodies, lemuel_fruit_fields
Lair:4:   nzn_winding_woodlands_cross [nzn_winding_woodlands_5x15_eye,
          nzn_winding_woodlands_5x15_cabin,
          nzn_winding_woodlands_5x15_river_crossing,
          nzn_winding_woodlands_5x15_parted,
          nzn_winding_woodlands_15x15_five_gardens], layout_cellular_growth,
          gammafunk_ghost_split, uniq_urug
Lair:5:   layout_layer_cave, gammafunk_ghost_grave, kennysheep_rathole
Lair:6:   due_jungle_book, layout_loops_ring, slime_dummy,
          nicolae_lair_liquid_snakes
Swamp:1:  layout_basic_swamp, evilmike_swamp_ruin_rubble_1, swamp_pool3,
          hangedman_swamp_blocks, hangedman_swamp_lotus,
          nicolae_swamp_soggy_hallways
Swamp:2:  nicolae_swamp_standing_stones, layout_falls_marsh,
          evilmike_swamp_ruin_rubble_2, swamp_pool5
Swamp:3:  layout_basic_swamp, hangedman_swamp_ruin_hall
Swamp:4:  swamp_alternative, layout_basic_swamp, swamp_pool1, uniq_louise,
          uniq_aizul
Spider:1: layout_spider_delve, drop_trap, hellmonk_spider_spawner
Spider:2: layout_cave_pods, uniq_azrael, uniq_asterion, uniq_donald
Spider:3: layout_spider_delve, nicolae_spider_acid_house, uniq_arachne
Spider:4: grunt_spider_rune_circles, nicolae_spider_wall_of_niches
Orc:1:    layout_diamond_mine, basic_altar, serial_shops,
          nicolae_shop_behind_doors
Orc:2:    grunt_orc_tribal_feast, layout_caves
Elf:1:    elf_arrival_002, layout_gridlike, serial_shops, nicolae_square_shop,
          minmay_elf_necromancy
Elf:2:    elven_hall_of_blades_hangedman_original
          [nicolae_vaults_blade_armed_guards], layout_loops_cross
Elf:3:    minmay_elf_hall_not_hex, layout_gridlike, door_vault,
          hangedman_decor_cross_pass
Vaults:1: portal_desolation_entry_nicolae_slug, v_rooms_3,
          dpeg_vaults_monster_box, vaults_room_ringed_pool,
          ontoclasm_vaults_loading_screen, nicolae_vaults_rhombus_7, st_eye,
          v_misc_5, v_misc_14, ontoclasm_vaults_chip, vaults_room_semicircle,
          nicolae_vaults_mini_display_case, layout_vaults_omnicross
Vaults:2: gammafunk_the_bubble [the_bubble_gammafunk_roulette],
          vaults_room_door_hall, ontoclasm_vaults_idyll, v_misc_10,
          nicolae_vaults_windows_and_doors_thing, nicolae_vaults_asterisk,
          ontoclasm_vaults_chip, v_misc_15, nicolae_vaults_specimen_jars,
          layout_vaults_omnibox
Vaults:3: v_misc_24, grunt_vaults_hallway_short,
          minmay_crypt_entry_skeletal_spiral, v_alt_pattern_1,
          vaults_mumra_minichess_inversion, v_misc_11, v_pattern_2,
          nicolae_vaults_alarming, vaults_room_stairs_pillars,
          nicolae_vaults_network_star, dpeg_vaults_monster_row,
          vaults_dpeg_doors, vaults_room_stairs_pillars, vaults_dpeg_hooks,
          st_lines, layout_vaults_maze_bifur, uniq_bai_suzhen
Vaults:4: ploomutoo_gammafunk_ghost_potion_laboratory,
          nicolae_vaults_network_quinsquares
          [nicolae_vaults_network_quincunx_subvault,
          nicolae_vaults_network_quincunx_subvault,
          nicolae_vaults_network_quincunx_subvault,
          nicolae_vaults_network_quincunx_subvault], nicolae_vaults_theta,
          nicolae_vaults_theta, v_misc_11, nicolae_vaults_border_crossing,
          v_misc_33, vaults_dpeg_encased_lava, layout_vaults_chaotic_city,
          serial_shops, nicolae_diamond_shop, nicolae_shop_statue_plus
Vaults:5
Depths:1: layout_roguey, enter_ziggurat_c, hellmouth_1, abyss_entry,
          serial_shops, kennysheep_little_box, pdpol_wu_jian_five_deadly_venoms,
          drop_trap, minmay_splitting_lines, minmay_fractal_squares_gapless_7,
          minmay_shoptagon
Depths:2: evilmike_diamond_1, layout_long_grid, abyss_entry, serial_shops,
          bzr_entry_dummy, grunt_metal_band, rand_demon_pan_entry_7,
          uniq_saint_roka, uniq_nikola
Depths:3: thingy_vault_2, layout_cave_shapes, nicolae_trove_entry_isolated,
          abyss_entry_crystal, grunt_hell_entry_dis_grunt, led_sif_pool,
          uniq_mara
Depths:4: hangedman_slaughterboxes, hell_entry, abyss_entry, pan_entry
Zot:1:    layout_gridlike, skrybe_zot_glass_3
Zot:2:    layout_onion_interference, grunt_ministairs_9
Zot:3:    layout_gridlike
Zot:4:    layout_onion_interference
Zot:5:    layout_basic
Abyss:5:  base: Lair:5, evilmike_abyss_rune_siren_acolytes,
          hangedman_abyss_river_spirits, evilmike_abyss_exit_11,
          small_statue_intersection, lemuel_flamethrower_2,
          evilmike_nicolae_abyss_rune_containment_curve, evilmike_abyss_exit_15,
          evilmike_abyss_exit_plants, gammafunk_abyss_rune_reverse_zot

Notes
Turn   | Place    | Note
-------+----------+-------------------------------------------
     0 | D:1      | xzight the Gargoyle Fighter began the quest for the Orb.
     0 | D:1      | Reached XP level 1. HP: 14/14 MP: 1/1
    87 | D:1      | Found a faded altar of an unknown god.
    97 | D:1      | Reached skill level 2 in Axes
   108 | D:1      | Reached XP level 2. HP: 19/19 MP: 2/2
   116 | D:1      | Got Plato's Compendium of Conjuration
   862 | D:2      | Reached XP level 3. HP: 17/23 MP: 3/3
  1133 | D:2      | Noticed Terence
  1145 | D:2      | Killed Terence
  1146 | D:2      | Reached XP level 4. HP: 22/29 MP: 4/4
  1494 | D:2      | You fall into a shaft and drop 1 floor!
  1544 | D:3      | Reached skill level 3 in Axes
  1616 | D:3      | Reached skill level 4 in Shields
  1618 | D:3      | Reached skill level 4 in Fighting
  1618 | D:3      | Reached skill level 4 in Armour
  1618 | D:3      | Reached XP level 5. HP: 33/33 MP: 5/5
  1760 | D:3      | Noticed Ijyb
  1769 | D:3      | Killed Ijyb
  2248 | D:3      | Found a burning altar of Makhleb.
  2279 | D:3      | Noticed an ice beast
  2289 | D:3      | Killed an ice beast
  2290 | D:3      | Reached XP level 6. HP: 39/39 MP: 6/6
  2323 | D:3      | Found an ornate altar of the Wu Jian Council.
  2370 | D:3      | Noticed Grinder
  2393 | D:3      | Killed Grinder
  2394 | D:3      | Reached skill level 4 in Axes
  2394 | D:3      | Reached XP level 7. HP: 21/44 MP: 7/7
  3567 | D:4      | Reached skill level 5 in Fighting
  3567 | D:4      | Reached skill level 5 in Armour
  3567 | D:4      | Reached skill level 5 in Shields
  3694 | D:4      | Found a bloodstained altar of Trog.
  4223 | D:5      | Entered Level 5 of the Dungeon
  4421 | D:5      | Reached skill level 5 in Axes
  4677 | D:5      | Found a staircase to the Ecumenical Temple.
  4726 | Temple   | Entered the Ecumenical Temple
  4865 | Temple   | Became a worshipper of Warmaster Okawaru
  5058 | D:5      | Reached XP level 8. HP: 41/50 MP: 8/8
  5084 | D:5      | Reached skill level 1 in Invocations
  5306 | D:5      | Reached * piety under Okawaru
  5311 | D:5      | Reached skill level 2 in Invocations
  5486 | D:5      | Found a runed translucent door.
  5488 | D:5      | Noticed jimonade's ghost (novice GnWn)
  5519 | D:5      | Reached skill level 6 in Axes
  5524 | D:5      | Reached skill level 6 in Shields
  5701 | D:5      | Found a radiant altar of Vehumet.
  5877 | D:5      | Found a runed translucent door.
  6021 | D:6      | Reached skill level 6 in Fighting
  6021 | D:6      | Reached skill level 6 in Armour
  6221 | D:6      | Reached XP level 9. HP: 53/55 MP: 11/11
  6222 | D:6      | Reached skill level 3 in Invocations
  6234 | D:6      | Found a transporter.
  6235 | D:6      | Found a transporter.
  6236 | D:6      | Noticed xzight's ghost (novice GrFi)
  6237 | D:6      | Noticed a hornet
  6250 | D:6      | Noticed a queen bee
  6343 | D:6      | Reached ** piety under Okawaru
  6532 | D:6      | Found a stormy altar of Qazlal.
  6821 | D:6      | Reached skill level 7 in Axes
  7465 | D:7      | Identified the +0 pair of boots of the Fiddle {*Corrode
                  | MP+9 SInv}
  7474 | D:7      | Found a sand-covered staircase.
  7508 | Ossuary  | Entered an ossuary
  7659 | Ossuary  | Reached skill level 4 in Invocations
  8069 | D:7      | Reached skill level 7 in Shields
  8083 | D:7      | Reached skill level 7 in Armour
  8089 | D:7      | Reached skill level 7 in Fighting
  8102 | D:7      | Reached *** piety under Okawaru
  8103 | D:7      | Reached XP level 10. HP: 43/63 MP: 13/13
  8338 | D:7      | Found a shadowy altar of Dithmenos.
  8348 | D:7      | Reached skill level 8 in Axes
  8440 | D:7      | Found a runed translucent gate.
  8441 | D:7      | Found a runed translucent gate.
  8441 | D:7      | Found a runed translucent gate.
  8443 | D:7      | Noticed mrw3rdna's ghost (novice OgFE)
  8713 | D:7      | Noticed an unseen horror
  8728 | D:7      | Reached skill level 5 in Invocations
  8728 | D:7      | Killed an unseen horror
  8729 | D:7      | Found a runed translucent door.
  8914 | D:7      | Noticed a two-headed ogre
  8950 | D:7      | Killed a two-headed ogre
  8950 | D:7      | Reached **** piety under Okawaru
  9095 | D:7      | Noticed a boulder beetle
  9127 | D:7      | Killed a boulder beetle
  9128 | D:7      | Reached skill level 8 in Shields
  9137 | D:7      | Reached skill level 8 in Fighting
  9137 | D:7      | Reached skill level 8 in Armour
  9157 | D:7      | Reached skill level 9 in Axes
  9366 | D:7      | Identified the ring of the Duchess {Int+4 SInv}
  9369 | D:7      | Identified the ring of Dishonesty {Wiz Int+7}
  9379 | D:7      | Identified the ring "Ashraxzoy" {rF+ rC+ Str-5 Dex+7 SInv}
  9382 | D:7      | Identified the amulet of Music {Acrobat rF- rC++ Will-
                  | Dex+2}
  9384 | D:7      | Noticed a cyclops
  9395 | D:7      | Killed a cyclops
  9395 | D:7      | Received a gift from Okawaru
  9396 | D:7      | Reached skill level 6 in Invocations
  9396 | D:7      | Reached XP level 11. HP: 52/68 MP: 13/15
  9700 | D:8      | Noticed a boulder beetle
  9734 | D:8      | Killed a boulder beetle
  9734 | D:8      | Reached ***** piety under Okawaru
 10194 | D:8      | Found an opulent altar of Gozag.
 10195 | D:8      | Found a hazy altar of Hepliaklqana.
 10201 | D:8      | Found a staircase to the Lair.
 10201 | D:8      | Noticed a death yak
 10285 | D:8      | Killed a death yak
 10902 | D:8      | Found a sparkling altar of Nemelex Xobeh.
 11360 | D:8      | Identified the +2 robe of the Soldier {Will+} (Okawaru
                  | gifted it to you on level 8 of the Dungeon)
 11360 | D:8      | Received a gift from Okawaru
 11429 | D:9      | Reached skill level 7 in Invocations
 11432 | D:9      | Reached skill level 10 in Axes
 11434 | D:9      | Reached skill level 9 in Shields
 11747 | D:9      | Noticed a cyclops
 11767 | D:9      | Killed a cyclops
 11768 | D:9      | Reached skill level 9 in Fighting
 11768 | D:9      | Reached skill level 9 in Armour
 11848 | D:9      | Noticed a deep elf pyromancer
 12090 | D:9      | Noticed a two-headed ogre
 12105 | D:9      | Killed a two-headed ogre
 12319 | D:9      | Noticed a five-headed hydra
 12340 | D:9      | Killed a one-headed hydra
 12485 | D:9      | Killed a deep elf pyromancer
 12486 | D:9      | Reached XP level 12. HP: 50/76 MP: 17/17
 12745 | D:9      | Noticed a tengu warrior
 12767 | D:9      | Noticed a fire dragon
 13063 | D:8      | Killed a tengu warrior
 13236 | D:9      | Killed a fire dragon
 13492 | D:9      | Found a glowing silver altar of Zin.
 13626 | D:9      | Found the ring of the Mage {Wiz Archmagi}
 13695 | D:9      | Noticed a centaur warrior
 13715 | D:9      | Killed a centaur warrior
 13716 | D:9      | Reached skill level 11 in Axes
 13880 | D:9      | Reached skill level 8 in Invocations
 14279 | D:9      | Found a staircase to the Orcish Mines.
 14651 | D:10     | Entered Level 10 of the Dungeon
 14684 | D:10     | Found a snail-covered altar of Cheibriados.
 14852 | D:10     | Found a large runed translucent door.
 14852 | D:10     | Found a large runed translucent door.
 14854 | D:10     | Noticed Ekaitz's ghost (journeyman DsFE)
 15230 | D:10     | Noticed a two-headed ogre
 15243 | D:10     | Killed a two-headed ogre
 15244 | D:10     | Reached skill level 10 in Shields
 15767 | D:10     | Reached skill level 10 in Fighting
 15835 | D:10     | Noticed Erolcha
 15848 | D:10     | Killed Erolcha
 15849 | D:10     | Reached skill level 10 in Armour
 16381 | D:11     | Noticed a boulder beetle
 16410 | D:11     | Killed a boulder beetle
 17301 | D:11     | Identified the +6 hand axe "Killer Klown's Doom" {elec,
                  | rElec Str+3}
 17674 | Lair:1   | Entered Level 1 of the Lair of Beasts
 17674 | Lair:1   | Noticed a seven-headed hydra
 17689 | Lair:1   | Killed a one-headed hydra
 17689 | Lair:1   | Received a gift from Okawaru
 17690 | Lair:1   | Reached XP level 13. HP: 51/83 MP: 19/19
 17856 | D:8      | Reached skill level 12 in Axes
 18160 | D:8      | Reached skill level 9 in Invocations
 19516 | Lair:2   | Found a hole to the Spider Nest.
 19598 | Lair:2   | Found a dark tunnel.
 19617 | Volcano  | Entered a volcano
 20245 | Lair:2   | Reached skill level 11 in Shields
 20321 | Lair:2   | You fall into a shaft and drop 1 floor!
 20521 | Lair:3   | Reached skill level 11 in Armour
 20640 | Lair:3   | Found a staircase to the Swamp.
 20658 | Lair:3   | Identified the +1 plate armour of Dice, Bag, and Bottle
                  | {Harm rF+ Str+3} (Okawaru gifted it to you on level 3 of
                  | the Lair of Beasts)
 20658 | Lair:3   | Received a gift from Okawaru
 20659 | Lair:3   | Reached skill level 11 in Fighting
 21846 | Lair:4   | Reached skill level 13 in Axes
 21846 | Lair:4   | Reached skill level 10 in Invocations
 22041 | Lair:4   | Gained mutation: Your large and strong wings let you fly.
                  | [Gargoyle growth]
 22041 | Lair:4   | Reached XP level 14. HP: 77/90 MP: 21/21
 22122 | Lair:4   | Noticed Ceyroiss's ghost (journeyman HuWn)
 22131 | Lair:4   | Found a runed translucent gate.
 22131 | Lair:4   | Found a runed translucent gate.
 22244 | Lair:4   | Found a runed translucent gate.
 22360 | Lair:4   | HP: 13/135 [cane toad (8)]
 22780 | Lair:4   | Identified a potion of resistance
 22856 | Lair:4   | Noticed Urug
 22938 | Lair:4   | Killed Urug
 23601 | Lair:4   | Reached ****** piety under Okawaru
 24502 | Lair:5   | Found a runed translucent door.
 24518 | Lair:5   | Noticed Serogusm's ghost (journeyman CeAM)
 24699 | Lair:5   | Received a gift from Okawaru
 25218 | Lair:5   | Reached skill level 12 in Shields
 25693 | Lair:5   | Killed Serogusm's ghost
 25875 | D:6      | Killed xzight's ghost
 26184 | Lair:6   | Entered Level 6 of the Lair of Beasts
 26204 | Lair:6   | Reached skill level 12 in Fighting
 26219 | Lair:6   | Reached skill level 12 in Armour
 26799 | Lair:6   | Noticed a dire elephant
 26799 | Lair:6   | Noticed a dire elephant
 26810 | Lair:6   | Noticed a dire elephant
 26810 | Lair:6   | Noticed a dire elephant
 26827 | Lair:6   | Killed a dire elephant
 26827 | Lair:6   | Received a gift from Okawaru
 26828 | Lair:6   | Reached skill level 14 in Axes
 26843 | Lair:6   | Killed a dire elephant
 26848 | Lair:6   | Killed a dire elephant
 26909 | Lair:6   | Noticed a dire elephant
 26921 | Lair:6   | Reached skill level 11 in Invocations
 26940 | Lair:6   | Found a staircase to the Slime Pits.
 27365 | Lair:6   | Reached XP level 15. HP: 66/97 MP: 23/23
 28036 | Lair:6   | Received a gift from Okawaru
 28036 | Lair:6   | Found the +0 pair of fencer's gloves {Riposte Dex+3}
 30420 | Orc:1    | Entered Level 1 of the Orcish Mines
 30508 | Orc:2    | Entered Level 2 of the Orcish Mines
 30720 | Orc:2    | Paralysed by an orc sorcerer for 6 turns
 30992 | Orc:2    | Reached skill level 15 in Axes
 30992 | Orc:2    | Reached skill level 13 in Shields
 31022 | Orc:2    | Found a staircase to the Elven Halls.
 31811 | Orc:2    | Identified a +2 robe of the Archmagi
 32182 | Orc:2    | Reached skill level 13 in Fighting
 32305 | Orc:2    | Reached skill level 13 in Armour
 32502 | Orc:2    | Received a gift from Okawaru
 32506 | Orc:2    | Found Seraysaa's Weapon Boutique.
 32506 | Orc:2    | Found Cuop's Distillery.
 32508 | Orc:2    | Found Befellem's Antique Weapon Boutique.
 32508 | Orc:2    | Found Puaw's Assorted Antiques.
 32560 | Orc:2    | Bought a potion of heal wounds for 150 gold pieces
 32562 | Orc:2    | Bought a potion of mutation for 112 gold pieces
 32982 | Orc:1    | Reached skill level 12 in Invocations
 33056 | Orc:1    | Found Waiwnot's Assorted Antiques.
 33702 | D:13     | Noticed Nessos
 33710 | D:13     | Killed Nessos
 33743 | D:13     | Noticed Josephine
 33751 | D:13     | Killed Josephine
 33823 | D:13     | Found a gate leading to a gauntlet.
 33832 | Gauntlet | Entered a Gauntlet
 33832 | Gauntlet | Found a transporter.
 33832 | Gauntlet | Found a transporter.
 33832 | Gauntlet | Found a large runed translucent door.
 33832 | Gauntlet | Found a large runed translucent door.
 33832 | Gauntlet | Found a large runed translucent door.
 33832 | Gauntlet | Found a large runed translucent door.
 33832 | Gauntlet | Found a large runed translucent door.
 33832 | Gauntlet | Found a large runed translucent door.
 33832 | Gauntlet | Found a runed translucent door.
 33832 | Gauntlet | Found a runed translucent door.
 33832 | Gauntlet | Found a large runed translucent door.
 33832 | Gauntlet | Found a large runed translucent door.
 33832 | Gauntlet | Found a large runed translucent door.
 33832 | Gauntlet | Found a large runed translucent door.
 33832 | Gauntlet | Found a large runed translucent door.
 33832 | Gauntlet | Found a large runed translucent door.
 33836 | Gauntlet | Found a transporter.
 33836 | Gauntlet | Found a transporter.
 33846 | Gauntlet | Found a transporter.
 33865 | Gauntlet | Found a transporter.
 33875 | Gauntlet | Found a transporter.
 33875 | Gauntlet | Found a transporter.
 33880 | Gauntlet | Found a transporter.
 33907 | Gauntlet | Found a transporter.
 33914 | Gauntlet | Found a transporter.
 33927 | Gauntlet | Found a large runed translucent door.
 33928 | Gauntlet | Found a large runed translucent door.
 33930 | Gauntlet | Found a runed translucent gate.
 33931 | Gauntlet | Found a runed translucent gate.
 33932 | Gauntlet | Found a runed translucent gate.
 33932 | Gauntlet | Found a transporter.
 33950 | Gauntlet | Found a large runed translucent door.
 33951 | Gauntlet | Found a large runed translucent door.
 33977 | Gauntlet | Found a transporter.
 33992 | Gauntlet | Found a transporter.
 34093 | Gauntlet | Found a transporter.
 34111 | Gauntlet | Found a transporter.
 34208 | Gauntlet | Reached XP level 16. HP: 104/104 MP: 25/25
 34214 | Gauntlet | Identified the +0 pair of gloves of Pandemonium {Int+3
                  | Slay+2}
 34381 | Gauntlet | Identified the -4 pair of boots of the Crypt {Drain rElec
                  | rCorr Dex+6}
 34794 | D:13     | Received a gift from Okawaru
 35480 | D:14     | Found Fuzimioz's Armour Emporium.
 35846 | D:14     | Found Byohoel's Antique Weapon Shop.
 36188 | D:14     | Found a gate to the Vaults.
 36214 | D:14     | Identified the +0 kite shield of the Lair of Beasts {rF+
                  | Dex+2} (Okawaru gifted it to you on level 14 of the
                  | Dungeon)
 36214 | D:14     | Received a gift from Okawaru
 36602 | D:15     | Entered Level 15 of the Dungeon
 36828 | D:15     | Reached skill level 16 in Axes
 37198 | D:15     | Found a staircase to the Depths.
 37950 | Swamp:1  | Entered Level 1 of the Swamp
 38170 | Swamp:1  | Reached skill level 14 in Shields
 38458 | Swamp:1  | Noticed a thorn hunter
 38472 | Swamp:1  | Killed a thorn hunter
 38473 | Swamp:1  | Reached skill level 14 in Fighting
 38795 | Swamp:1  | Noticed a tentacled monstrosity
 38816 | Swamp:1  | Killed a tentacled monstrosity
 38817 | Swamp:1  | Reached skill level 14 in Armour
 38817 | Swamp:1  | Reached skill level 13 in Invocations
 39485 | Swamp:1  | Reached XP level 17. HP: 111/111 MP: 26/26
 39687 | Swamp:1  | Received a gift from Okawaru
 40528 | Swamp:2  | Gained mutation: You have sharp toenails. [potion of
                  | mutation]
 40528 | Swamp:2  | Gained mutation: Your movements are slightly less
                  | encumbered by armour. (ER -2) [potion of mutation]
 40529 | Swamp:2  | Lost mutation: Your movements are slightly less encumbered
                  | by armour. (ER -2) [potion of mutation]
 40529 | Swamp:2  | Lost mutation: You have sharp toenails. [potion of
                  | mutation]
 40529 | Swamp:2  | Gained mutation: Your muscles are strong. (Str +2) [potion
                  | of mutation]
 40529 | Swamp:2  | Gained mutation: Your mind is acute. (Int +2) [potion of
                  | mutation]
 41035 | Swamp:3  | Noticed a tentacled monstrosity
 41045 | Swamp:3  | Killed a tentacled monstrosity
 41608 | Swamp:4  | Entered Level 4 of the Swamp
 41751 | Swamp:4  | Reached skill level 17 in Axes
 42489 | Swamp:4  | Noticed Louise
 42680 | Swamp:3  | Killed Louise
 42880 | Swamp:4  | Received a gift from Okawaru
 43061 | Swamp:4  | Reached skill level 15 in Shields
 43221 | Swamp:4  | Reached skill level 15 in Fighting
 43221 | Swamp:4  | Reached skill level 15 in Armour
 43569 | Swamp:4  | Noticed Aizul
 43602 | Swamp:4  | Killed Aizul
 43876 | Swamp:4  | Got a decaying rune of Zot
 44031 | Spider:1 | Entered Level 1 of the Spider Nest
 44073 | Spider:1 | Reached XP level 18. HP: 87/119 MP: 27/27
 44368 | Spider:1 | Identified a scroll of acquirement
 44369 | Spider:1 | Acquired the +4 pair of gloves "Gurchafe" {Will+}
 44460 | Spider:1 | Identified the +2 robe "Gakhloihi" {Str+6 Int+4} (Okawaru
                  | gifted it to you on level 1 of the Spider Nest)
 44460 | Spider:1 | Received a gift from Okawaru
 45220 | Spider:2 | Reached skill level 18 in Axes
 46382 | Spider:2 | Noticed Asterion
 46416 | Spider:2 | Killed Asterion
 46684 | Spider:2 | Reached skill level 16 in Shields
 46768 | Spider:2 | Reached skill level 16 in Armour
 46771 | Spider:2 | Noticed Azrael
 46781 | Spider:2 | Killed Azrael
 46782 | Spider:2 | Reached skill level 16 in Fighting
 46821 | Spider:2 | Received a gift from Okawaru
 47018 | Spider:2 | Identified a +1 crystal plate armour
 47018 | Spider:2 | Noticed Donald
 47290 | Spider:2 | Killed Donald
 47750 | Spider:3 | Noticed Arachne
 47788 | Spider:3 | Killed Arachne
 48905 | Spider:4 | Entered Level 4 of the Spider Nest
 49046 | Spider:4 | Reached XP level 19. HP: 118/127 MP: 28/28
 49198 | Spider:4 | Received a gift from Okawaru
 50436 | Spider:4 | Reached skill level 1 in Dodging
 50499 | Spider:4 | Reached skill level 2 in Dodging
 50882 | Spider:4 | Reached skill level 3 in Dodging
 50905 | Spider:3 | Reached skill level 4 in Dodging
 51570 | Spider:4 | Got a gossamer rune of Zot
 51811 | Elf:1    | Entered Level 1 of the Elven Halls
 51815 | Elf:1    | Reached skill level 5 in Dodging
 52151 | Elf:1    | Reached skill level 6 in Dodging
 52239 | Elf:1    | Got the Catalogue of Unholy Secrets
 52370 | Elf:1    | Received a gift from Okawaru
 52482 | Elf:1    | Found Unler's General Store.
 52810 | Elf:1    | Reached skill level 7 in Dodging
 53642 | Elf:2    | Paralysed by an air elemental for 1 turns
 53647 | Elf:2    | Paralysed by an air elemental for 1 turns
 53895 | Elf:2    | Found a runed translucent gate.
 53895 | Elf:2    | Found a runed translucent gate.
 54061 | Elf:2    | Found a runed translucent gate.
 54116 | Elf:2    | Paralysed by an air elemental for 1 turns
 54313 | Elf:2    | Lost mutation: Your muscles are strong. (Str +2) [potion of
                  | mutation]
 54313 | Elf:2    | Lost mutation: Your mind is acute. (Int +2) [potion of
                  | mutation]
 54313 | Elf:2    | Gained mutation: You have a pair of small antennae on your
                  | head. [potion of mutation]
 54313 | Elf:2    | Gained mutation: You have hidden genetic potential. [potion
                  | of mutation]
 54313 | Elf:2    | Gained mutation: Your muscles are strong. (Str +2) [potion
                  | of mutation]
 54885 | Elf:2    | Reached skill level 1 in Evocations
 55268 | Elf:2    | Reached skill level 2 in Evocations
 55501 | Elf:2    | Reached skill level 17 in Shields
 55504 | Elf:2    | Reached skill level 17 in Armour
 55705 | Elf:2    | Reached skill level 17 in Fighting
 55742 | Elf:2    | Reached XP level 20. HP: 119/134 MP: 29/29
 55810 | Elf:2    | Reached skill level 8 in Dodging
 55825 | Elf:2    | Reached skill level 3 in Evocations
 56141 | Elf:3    | Entered Level 3 of the Elven Halls
 56575 | Elf:3    | Found a huge runed gate.
 56575 | Elf:3    | Found a huge runed gate.
 56575 | Elf:3    | Found a huge runed gate.
 56576 | Elf:3    | Found a huge runed gate.
 56576 | Elf:3    | Found a huge runed gate.
 56576 | Elf:3    | Found a huge runed gate.
 56577 | Elf:3    | Found a huge runed gate.
 56577 | Elf:3    | Found a huge runed gate.
 56578 | Elf:3    | Found a huge runed gate.
 56579 | Elf:3    | Found a huge runed gate.
 56580 | Elf:3    | Found a huge runed gate.
 56580 | Elf:3    | Found a huge runed gate.
 56581 | Elf:3    | Found a huge runed gate.
 56582 | Elf:3    | Found a huge runed gate.
 56594 | Elf:3    | Found a huge runed gate.
 56594 | Elf:3    | Found a huge runed gate.
 56595 | Elf:3    | Found a huge runed gate.
 56595 | Elf:3    | Found a huge runed gate.
 56625 | Elf:3    | Found a huge runed gate.
 56626 | Elf:3    | Found a huge runed gate.
 56657 | Elf:3    | Found a huge runed gate.
 56659 | Elf:3    | Found a huge runed gate.
 56660 | Elf:3    | Found a huge runed gate.
 56660 | Elf:3    | Found a huge runed gate.
 56661 | Elf:3    | Found a huge runed gate.
 56662 | Elf:3    | Found a huge runed gate.
 56662 | Elf:3    | Found a huge runed gate.
 56662 | Elf:3    | Found a huge runed gate.
 56662 | Elf:3    | Found a huge runed gate.
 56663 | Elf:3    | Found a huge runed gate.
 56664 | Elf:3    | Found a huge runed gate.
 56665 | Elf:3    | Found a huge runed gate.
 56666 | Elf:3    | Found a huge runed gate.
 56667 | Elf:3    | Found a huge runed gate.
 56672 | Elf:3    | Found a huge runed gate.
 56672 | Elf:3    | Found a huge runed gate.
 56709 | Elf:3    | Received a gift from Okawaru
 56974 | Elf:3    | Identified the +4 scale mail of Jobanuz {Rampage rN+ Dex-3
                  | Stlth+}
 56981 | Elf:3    | Reached skill level 4 in Evocations
 56990 | Elf:3    | Identified the ring "Timusua" {Wiz rC+ rN+}
 57782 | Elf:3    | HP: 3/134 [deep elf annihilator/crystal spear (80)]
 57790 | Arena    | Entered the Arena
 57841 | Elf:3    | Reached skill level 5 in Evocations
 57888 | Elf:3    | Identified the +4 dagger of Eternal War {freeze, +Blink
                  | rElec rF+ Str+2}
 57964 | Elf:3    | Identified the ring of the Final Decision {Fire rPois}
 58136 | Elf:3    | Identified the +6 battleaxe "Moeconuola" {venom, Contam rF+
                  | rC+++ Stlth+}
 58905 | Vaults:1 | Entered Level 1 of the Vaults
 59057 | Vaults:1 | Reached skill level 6 in Evocations
 59072 | Vaults:1 | Received a gift from Okawaru
 59086 | Vaults:1 | Gained mutation: Your muscles are very strong. (Str +4)
                  | [hidden potential]
 60271 | Vaults:1 | Reached skill level 9 in Dodging
 60278 | Vaults:1 | Reached skill level 7 in Evocations
 60358 | Vaults:1 | Reached XP level 21. HP: 136/140 MP: 30/30
 60558 | Vaults:1 | Got the Almanac of the Earthen Arsonist
 61544 | Vaults:2 | Reached skill level 18 in Shields
 61685 | Vaults:2 | Found a transporter.
 61686 | Vaults:2 | Found a transporter.
 61701 | Vaults:2 | Found a transporter.
 61703 | Vaults:2 | Found a transporter.
 61720 | Vaults:2 | You are sucked into a shaft and drop 1 floor!
 61723 | Vaults:3 | Identified the +7 hand axe of Doonk {holy, rF+ Will- Str+3}
                  | (Okawaru gifted it to you on level 3 of the Vaults)
 61723 | Vaults:3 | Received a gift from Okawaru
 61724 | Vaults:3 | Reached skill level 18 in Fighting
 61724 | Vaults:3 | Reached skill level 8 in Evocations
 61739 | Vaults:3 | Reached skill level 18 in Armour
 62956 | Vaults:2 | Identified the +1 cloak "Savec" {Will+ Str+4 Int-2}
                  | (Okawaru gifted it to you on level 2 of the Vaults)
 62956 | Vaults:2 | Received a gift from Okawaru
 63290 | Vaults:2 | Gained mutation: You have great hidden genetic potential.
                  | [hidden potential]
 63290 | Vaults:2 | Lost mutation: You have great hidden genetic potential.
                  | [hidden potential expressed]
 63619 | Vaults:2 | Found a transporter.
 64201 | Vaults:3 | Found a staircase to the Crypt.
 64420 | Vaults:3 | Reached skill level 10 in Dodging
 64908 | Vaults:3 | Reached XP level 22. HP: 146/148 MP: 31/31
 65121 | Vaults:3 | Reached skill level 19 in Shields
 65127 | Vaults:3 | Reached skill level 19 in Fighting
 65495 | Vaults:3 | Reached skill level 19 in Armour
 65752 | Vaults:3 | Noticed Bai Suzhen
 65760 | Vaults:3 | Killed Bai Suzhen
 66076 | Vaults:4 | Identified the +0 scale mail of the Equator {+Blink Will+}
                  | (Okawaru gifted it to you on level 4 of the Vaults)
 66076 | Vaults:4 | Received a gift from Okawaru
 66215 | Vaults:4 | Found Yjatz's Assorted Antiques.
 66223 | Vaults:4 | Bought a potion of heal wounds for 105 gold pieces
 66223 | Vaults:4 | Bought a potion of curing for 63 gold pieces
 66621 | Orc:2    | Bought a scroll of enchant weapon for 225 gold pieces
 67602 | Vaults:4 | Found a runed translucent gate.
 67602 | Vaults:4 | Found a runed translucent gate.
 67603 | Vaults:4 | Found a runed translucent gate.
 67733 | Vaults:4 | Gained mutation: Your mind is acute. (Int +2) [hidden
                  | potential]
 67759 | Vaults:4 | Found a runed translucent gate.
 67759 | Vaults:4 | Found a runed translucent gate.
 67762 | Vaults:4 | Found a runed translucent gate.
 67771 | Vaults:4 | Noticed Eldin's ghost (veteran DEWz)
 67836 | Vaults:4 | Killed Eldin's ghost
 67837 | Vaults:4 | Reached skill level 11 in Dodging
 68056 | Vaults:4 | Identified the +0 pair of gloves of the Equinox {+Inv MP+9}
 68059 | Vaults:4 | Gained mutation: You tend to lose your temper in combat.
                  | [mutagenic glow]
 68083 | Vaults:4 | Gained mutation: You have great hidden genetic potential.
                  | [mutagenic glow]
 68313 | Vaults:4 | Lost mutation: You have a pair of small antennae on your
                  | head. [potion of mutation]
 68313 | Vaults:4 | Lost mutation: Your muscles are very strong. (Str +4)
                  | [potion of mutation]
 68313 | Vaults:4 | Gained mutation: You expend magic power (3 MP) to
                  | strengthen your wands. [potion of mutation]
 68313 | Vaults:4 | Gained mutation: You are strong-willed. (Will+) [potion of
                  | mutation]
 68313 | Vaults:4 | Gained mutation: Your movements are slightly less
                  | encumbered by armour. (ER -2) [potion of mutation]
 68314 | Vaults:4 | Lost mutation: Your mind is acute. (Int +2) [potion of
                  | mutation]
 68314 | Vaults:4 | Lost mutation: Your movements are slightly less encumbered
                  | by armour. (ER -2) [potion of mutation]
 68314 | Vaults:4 | Lost mutation: You have great hidden genetic potential.
                  | [potion of mutation]
 68315 | Vaults:4 | Lost mutation: You expend magic power (3 MP) to strengthen
                  | your wands. [potion of mutation]
 68315 | Vaults:4 | Lost mutation: Your muscles are strong. (Str +2) [potion of
                  | mutation]
 68316 | Vaults:4 | Lost mutation: You tend to lose your temper in combat.
                  | [potion of mutation]
 68316 | Vaults:4 | Lost mutation: You have hidden genetic potential. [potion
                  | of mutation]
 68316 | Vaults:4 | Lost mutation: You are strong-willed. (Will+) [potion of
                  | mutation]
 68316 | Vaults:4 | Gained mutation: You have very sharp teeth. [potion of
                  | mutation]
 68316 | Vaults:4 | Gained mutation: You have sharp toenails. [potion of
                  | mutation]
 68316 | Vaults:4 | Gained mutation: Your mind is acute. (Int +2) [potion of
                  | mutation]
 68317 | Vaults:4 | Lost mutation: You have very sharp teeth. [potion of
                  | mutation]
 68317 | Vaults:4 | Lost mutation: Your mind is acute. (Int +2) [potion of
                  | mutation]
 68317 | Vaults:4 | Lost mutation: You have sharp toenails. [potion of
                  | mutation]
 68317 | Vaults:4 | Gained mutation: You have a pair of small horns on your
                  | head. [potion of mutation]
 68317 | Vaults:4 | Gained mutation: You have hidden genetic potential. [potion
                  | of mutation]
 68399 | Vaults:4 | Found Difray's Weapon Emporium.
 68678 | Depths:1 | Entered Level 1 of the Depths
 68884 | Depths:1 | Found a one-way gateway to a ziggurat.
 69229 | Depths:1 | Received a gift from Okawaru
 69252 | Depths:1 | Found a one-way gate to the infinite horrors of the Abyss.
 69302 | Depths:1 | Found Pyemocw's General Store.
 69306 | Depths:1 | Found Ziexteircho's Weapon Shop.
 69306 | Depths:1 | Found Ziekaq's Magic Scroll Boutique.
 69311 | Depths:1 | Found Lobb's General Store.
 69317 | Depths:1 | Bought a potion of haste for 140 gold pieces
 69317 | Depths:1 | Bought a scroll of magic mapping for 49 gold pieces
 69317 | Depths:1 | Bought a scroll of teleportation for 42 gold pieces
 69320 | Depths:1 | Bought a scroll of teleportation for 33 gold pieces
 69320 | Depths:1 | Bought a scroll of enchant weapon for 82 gold pieces
 69320 | Depths:1 | Bought a scroll of enchant weapon for 82 gold pieces
 69320 | Depths:1 | Bought a scroll of enchant armour for 82 gold pieces
 69320 | Depths:1 | Bought a scroll of acquirement for 572 gold pieces
 69322 | Depths:1 | Acquired the +0 crystal plate armour of Vitaoq {rCorr
                  | Slay+2}
 69578 | Depths:1 | Found a gateway to Hell.
 69768 | Depths:1 | Found an ornate altar of the Wu Jian Council.
 69833 | Depths:1 | Reached XP level 23. HP: 148/156 MP: 32/32
 70046 | Depths:1 | Found Tece's Antique Armour Boutique.
 70213 | Depths:1 | Noticed a golden dragon
 70222 | Depths:1 | Killed a golden dragon
 70243 | Depths:1 | Reached skill level 20 in Armour
 70243 | Depths:1 | Reached skill level 20 in Shields
 70340 | Depths:1 | Reached skill level 20 in Fighting
 70659 | Depths:2 | Noticed Nikola
 70688 | Depths:2 | Killed Nikola
 70770 | Depths:2 | Received a gift from Okawaru
 70877 | Depths:2 | Noticed a juggernaut
 70877 | Depths:2 | Noticed Saint Roka
 70907 | Depths:2 | Killed a juggernaut
 70927 | Depths:2 | Killed Saint Roka
 71194 | Depths:2 | Paralysed by a floating eye for 4 turns
 71325 | Depths:2 | Reached skill level 12 in Dodging
 71333 | Depths:2 | Received a gift from Okawaru
 71429 | Depths:2 | Noticed a caustic shrike
 71436 | Depths:2 | Killed a caustic shrike
 71444 | Depths:2 | You are cast into the Abyss!
 71444 | Depths:2 | Cast into level 2 of the Abyss (spriggan berserker)
 71444 | Abyss:2  | Found a corrupted altar of Lugonu.
 71506 | Abyss:2  | Paralysed by accursed screaming for 1 turns
 72386 | Depths:2 | You pass through the gate.
 72386 | Depths:2 | Escaped the Abyss
 72736 | Depths:2 | Found a one-way gate leading to the halls of Pandemonium.
 72736 | Depths:2 | Gained mutation: You are clumsy. (Dex -2) [a neqoxec]
 73397 | Depths:3 | Gained mutation: You passively dampen the noise of your
                  | surroundings. [hidden potential]
 73499 | Depths:3 | Found a runed translucent door.
 73505 | Depths:3 | Found a runed translucent door.
 73832 | Depths:3 | Noticed Mara
 73844 | Depths:3 | Noticed xzight's illusion
 73942 | Depths:3 | Noticed xzight's illusion
 73990 | Depths:3 | Noticed xzight's illusion
 74004 | Depths:3 | Killed Mara
 74220 | Depths:3 | Found a portal to a secret trove of treasure.
 74707 | Depths:3 | Noticed a golden dragon
 74712 | Depths:3 | Killed a golden dragon
 74785 | Depths:3 | Found a shimmering blue altar of Sif Muna.
 74975 | Depths:3 | Paralysed by a floating eye for 4 turns
 74986 | Depths:3 | Noticed a juggernaut
 74996 | Depths:3 | Paralysed by a floating eye for 2 turns
 75009 | Depths:3 | Paralysed by a floating eye for 3 turns
 75017 | Depths:3 | Paralysed by a floating eye for 3 turns
 75023 | Depths:3 | Paralysed by a floating eye for 4 turns
 75032 | Depths:3 | Received a gift from Okawaru
 75033 | Depths:3 | Reached XP level 24. HP: 71/164 MP: 32/32
 75360 | Depths:3 | Paralysed by a floating eye for 3 turns
 75375 | Depths:3 | Identified the amulet "Otufut" {Spirit Harm Int+9}
 75527 | Depths:4 | Entered Level 4 of the Depths
 75751 | Depths:4 | Reached skill level 21 in Armour
 75867 | Depths:4 | Reached skill level 21 in Shields
 75897 | Depths:4 | Reached skill level 21 in Fighting
 75917 | Depths:4 | Found a gate to the Realm of Zot.
 76138 | Depths:4 | Found an ornate altar of the Wu Jian Council.
 76139 | Depths:4 | Found a shimmering altar of Xom.
 76140 | Depths:4 | Found a glowing silver altar of Zin.
 76342 | Depths:4 | Noticed a caustic shrike
 76731 | Depths:4 | Killed a caustic shrike
 76732 | Depths:4 | Reached skill level 13 in Dodging
 76734 | Depths:4 | Received a gift from Okawaru
 76802 | Depths:4 | Identified the +6 hunting sling of Famine {flame, rC+ Str+5
                  | Int-5}
 77942 | Depths:4 | Gained mutation: You passively map a small area around you.
                  | [hidden potential]
 77942 | Depths:4 | Lost mutation: You have hidden genetic potential. [hidden
                  | potential expressed]
 78030 | Depths:4 | Identified the +1 chain mail "Siseph" {+Inv rPois Str-2
                  | SInv} (Okawaru gifted it to you on level 4 of the Depths)
 78030 | Depths:4 | Received a gift from Okawaru
 78092 | Depths:4 | Noticed a caustic shrike
 78104 | Depths:4 | Killed a caustic shrike
 78244 | Depths:4 | Found the +2 Maxwell's thermic engine {flame, freeze}
 78596 | Vaults:5 | Entered Level 5 of the Vaults
 78596 | Vaults:5 | Noticed an ancient lich
 78614 | Vaults:5 | Killed an ancient lich
 78615 | Vaults:5 | Noticed a dread lich
 78636 | Vaults:5 | Reached XP level 25. HP: 159/172 MP: 29/32
 78637 | Vaults:5 | Killed a dread lich
 79027 | Vaults:5 | Identified the +0 plate armour of the Earth {rPois Regen+
                  | Str-2 Dex+5}
 79051 | Vaults:5 | Reached skill level 22 in Armour
 79057 | Vaults:5 | Reached skill level 22 in Fighting
 79057 | Vaults:5 | Reached skill level 22 in Shields
 79116 | Vaults:5 | Noticed a dread lich
 79127 | Vaults:5 | Killed a dread lich
 79309 | Vaults:5 | Received a gift from Okawaru
 79333 | Vaults:5 | Reached skill level 14 in Dodging
 79388 | Vaults:5 | Got a silver rune of Zot
 79673 | Vaults:5 | Identified the ring of Eckoom {EV+4 Int+8}
 79836 | Vaults:5 | Received a gift from Okawaru
 80533 | Vaults:5 | Identified the ring of Immorality {rN+ Will+ Stlth+}
 81323 | Zot:1    | Entered Level 1 of the Realm of Zot
 81337 | Zot:1    | Received a gift from Okawaru
 82029 | Zot:1    | Reached skill level 23 in Fighting
 82139 | Zot:1    | Reached XP level 26. HP: 146/182 MP: 32/32
 82553 | Zot:1    | Noticed an orb of fire
 82566 | Zot:1    | Gained mutation: Your mind is acute. (Int +2) [an orb of
                  | fire]
 82574 | Zot:1    | Gained mutation: You are frail. (-10% HP) [an orb of fire]
 82579 | Zot:1    | Gained mutation: You are weak. (Str -2) [an orb of fire]
 82582 | Zot:1    | Killed an orb of fire
 83002 | Zot:1    | Gained mutation: You are somewhat resistant to further
                  | mutation. [mutagenic glow]
 83009 | Zot:1    | Reached skill level 23 in Armour
 83009 | Zot:1    | Reached skill level 23 in Shields
 83119 | Zot:1    | Lost mutation: You are somewhat resistant to further
                  | mutation. [potion of mutation]
 83119 | Zot:1    | Lost mutation: You are clumsy. (Dex -2) [potion of
                  | mutation]
 83119 | Zot:1    | Lost mutation: Your mind is acute. (Int +2) [potion of
                  | mutation]
 83119 | Zot:1    | Gained mutation: Your body sometimes deteriorates upon
                  | taking damage. [potion of mutation]
 83119 | Zot:1    | Lost mutation: You have a pair of small horns on your head.
                  | [potion of mutation]
 83119 | Zot:1    | Gained mutation: [You sometimes lose the ability to read
                  | scrolls when taking damage.] [potion of mutation]
 83119 | Zot:1    | Gained mutation: You are strong-willed. (Will+) [potion of
                  | mutation]
 83120 | Zot:1    | Lost mutation: You are strong-willed. (Will+) [potion of
                  | mutation]
 83120 | Zot:1    | Lost mutation: [You sometimes lose the ability to read
                  | scrolls when taking damage.] [potion of mutation]
 83120 | Zot:1    | Lost mutation: You are frail. (-10% HP) [potion of
                  | mutation]
 83120 | Zot:1    | Gained mutation: You have a pair of small antennae on your
                  | head. [potion of mutation]
 83121 | Zot:1    | Lost mutation: You have a pair of small antennae on your
                  | head. [potion of mutation]
 83121 | Zot:1    | Lost mutation: You passively map a small area around you.
                  | [potion of mutation]
 83121 | Zot:1    | Lost mutation: Your body sometimes deteriorates upon taking
                  | damage. [potion of mutation]
 83121 | Zot:1    | Lost mutation: You are weak. (Str -2) [potion of mutation]
 83121 | Zot:1    | Gained mutation: You are partially covered in iridescent
                  | scales. (AC +2) [potion of mutation]
 83121 | Zot:1    | Gained mutation: You expend magic power (3 MP) to
                  | strengthen your wands. [potion of mutation]
 83376 | Zot:2    | Reached skill level 15 in Dodging
 83535 | Zot:2    | Identified the +9 plate armour of the Mackerel {rElec rPois
                  | Str-2} (Okawaru gifted it to you on level 2 of the Realm of
                  | Zot)
 83535 | Zot:2    | Received a gift from Okawaru
 83764 | Zot:2    | Noticed an orb of fire
 83792 | Zot:1    | Gained mutation: Your body sometimes deteriorates upon
                  | taking damage. [an orb of fire]
 83794 | Zot:1    | Killed an orb of fire
 84608 | Zot:2    | Noticed a curse toe
 84630 | Zot:2    | Killed a curse toe
 84794 | Zot:2    | Reached skill level 24 in Fighting
 85930 | Zot:3    | Noticed a Killer Klown
 85947 | Zot:3    | Killed a Killer Klown
 85948 | Zot:3    | Reached skill level 14 in Invocations
 86790 | Zot:4    | Received a gift from Okawaru
 87546 | Zot:4    | Received a gift from Okawaru
 87553 | Zot:4    | Reached XP level 27. HP: 118/192 MP: 28/33
 88319 | Zot:5    | Entered Level 5 of the Realm of Zot
 88915 | Zot:5    | Reached skill level 25 in Fighting
 88967 | Zot:5    | Noticed an ancient lich
 88967 | Zot:5    | Noticed an orb of fire
 88967 | Zot:5    | Noticed an ancient lich
 88967 | Zot:5    | Noticed an orb of fire
 88967 | Zot:5    | Noticed an electric golem
 88967 | Zot:5    | Gained mutation: Your magical capacity is low. (-10% MP)
                  | [an orb of fire]
 88967 | Zot:5    | Noticed an orb of fire
 88967 | Zot:5    | Noticed a dread lich
 88971 | Zot:5    | Gained mutation: You occasionally shout uncontrollably at
                  | your foes. [an orb of fire]
 88973 | Zot:5    | Gained mutation: You are occasionally teleported next to
                  | monsters. [an orb of fire]
 88974 | Zot:5    | Gained mutation: You are clumsy. (Dex -2) [an orb of fire]
 88987 | Zot:5    | Killed an orb of fire
 88991 | Zot:5    | Killed an orb of fire
 88992 | Zot:5    | Reached skill level 15 in Invocations
 88993 | Zot:5    | Killed a dread lich
 88993 | Zot:5    | Received a gift from Okawaru
 88994 | Zot:5    | Reached skill level 24 in Armour
 88994 | Zot:5    | Reached skill level 16 in Dodging
 88994 | Zot:5    | Reached skill level 24 in Shields
 89483 | Zot:5    | Noticed an electric golem
 89492 | Zot:5    | Killed an electric golem
 89532 | Zot:5    | Killed an electric golem
 89590 | Zot:5    | Noticed an ancient lich
 89602 | Zot:5    | Killed an ancient lich
 89621 | Zot:5    | Noticed an orb of fire
 89624 | Zot:5    | Gained mutation: You are very clumsy. (Dex -4) [an orb of
                  | fire]
 89626 | Zot:5    | Noticed an ancient lich
 89629 | Zot:5    | Gained mutation: You tend to lose your temper in combat.
                  | [an orb of fire]
 89636 | Zot:5    | Killed an orb of fire
 89644 | Zot:5    | Gained mutation: You are sometimes teleported next to
                  | monsters. [an orb of fire]
 89678 | Zot:5    | HP: 10/193 [Orb Guardian (22)]
 90114 | Zot:4    | Lost mutation: You passively dampen the noise of your
                  | surroundings. [potion of mutation]
 90114 | Zot:4    | Lost mutation: You are very clumsy. (Dex -4) [potion of
                  | mutation]
 90114 | Zot:4    | Lost mutation: Your body sometimes deteriorates upon taking
                  | damage. [potion of mutation]
 90115 | Zot:4    | Lost mutation: Your magical capacity is low. (-10% MP)
                  | [potion of mutation]
 90115 | Zot:4    | Lost mutation: You tend to lose your temper in combat.
                  | [potion of mutation]
 90115 | Zot:4    | Lost mutation: You expend magic power (3 MP) to strengthen
                  | your wands. [potion of mutation]
 90115 | Zot:4    | Gained mutation: You are robust. (+10% HP) [potion of
                  | mutation]
 90115 | Zot:4    | Gained mutation: You have hidden genetic potential. [potion
                  | of mutation]
 90115 | Zot:4    | Gained mutation: You tend to lose your temper in combat.
                  | [potion of mutation]
 90115 | Zot:4    | Gained mutation: You have supernaturally acute eyesight.
                  | (SInv) [potion of mutation]
 90116 | Zot:4    | Lost mutation: You are partially covered in iridescent
                  | scales. (AC +2) [potion of mutation]
 90116 | Zot:4    | Lost mutation: You tend to lose your temper in combat.
                  | [potion of mutation]
 90116 | Zot:4    | Gained mutation: Your body sometimes deteriorates upon
                  | taking damage. [potion of mutation]
 90116 | Zot:4    | Gained mutation: You expend magic power (3 MP) to
                  | strengthen your wands. [potion of mutation]
 90116 | Zot:4    | Gained mutation: Your natural rate of healing is unusually
                  | fast. [potion of mutation]
 90117 | Zot:4    | Lost mutation: You have supernaturally acute eyesight.
                  | (SInv) [potion of mutation]
 90117 | Zot:4    | Lost mutation: You have hidden genetic potential. [potion
                  | of mutation]
 90117 | Zot:4    | Gained mutation: Your spells are a little harder to cast,
                  | but a little more powerful. [potion of mutation]
 90117 | Zot:4    | Gained mutation: Your flesh is cold resistant. (rC+)
                  | [potion of mutation]
 90117 | Zot:4    | Lost mutation: You expend magic power (3 MP) to strengthen
                  | your wands. [potion of mutation]
 90118 | Zot:4    | Lost mutation: Your flesh is cold resistant. (rC+) [potion
                  | of mutation]
 90118 | Zot:4    | Lost mutation: Your natural rate of healing is unusually
                  | fast. [potion of mutation]
 90118 | Zot:4    | Lost mutation: Your spells are a little harder to cast, but
                  | a little more powerful. [potion of mutation]
 90118 | Zot:4    | Gained mutation: You are dopey. (Int -2) [potion of
                  | mutation]
 90118 | Zot:4    | Lost mutation: Your body sometimes deteriorates upon taking
                  | damage. [potion of mutation]
 90118 | Zot:4    | Gained mutation: You have hidden genetic potential. [potion
                  | of mutation]
 90119 | Zot:4    | Lost mutation: You are robust. (+10% HP) [potion of
                  | mutation]
 90119 | Zot:4    | Lost mutation: You have hidden genetic potential. [potion
                  | of mutation]
 90119 | Zot:4    | Gained mutation: You tend to lose your temper in combat.
                  | [potion of mutation]
 90119 | Zot:4    | Gained mutation: Your flesh is heat resistant. (rF+)
                  | [potion of mutation]
 90120 | Zot:4    | Lost mutation: You tend to lose your temper in combat.
                  | [potion of mutation]
 90120 | Zot:4    | Lost mutation: You are sometimes teleported next to
                  | monsters. [potion of mutation]
 90120 | Zot:4    | Lost mutation: You are dopey. (Int -2) [potion of mutation]
 90188 | Zot:5    | Gained mutation: Your body sometimes deteriorates upon
                  | taking damage. [an orb of fire]
 90189 | Zot:5    | Gained mutation: [You sometimes lose the ability to read
                  | scrolls when taking damage.] [an orb of fire]
 90203 | Zot:5    | Killed an ancient lich
 90209 | Zot:5    | Killed an ancient lich
 90221 | Zot:5    | Killed an orb of fire
 90421 | Zot:5    | Killed an ancient lich
 90677 | Zot:5    | Received a gift from Okawaru
 90780 | Zot:5    | Noticed a dread lich
 90781 | Zot:5    | Noticed a dread lich
 90888 | Zot:5    | Killed a dread lich
 91705 | Zot:5    | Killed a dread lich
 91811 | Zot:5    | Lost mutation: You are occasionally teleported next to
                  | monsters. [potion of mutation]
 91811 | Zot:5    | Lost mutation: Your body sometimes deteriorates upon taking
                  | damage. [potion of mutation]
 91811 | Zot:5    | Gained mutation: You have a pair of small antennae on your
                  | head. [potion of mutation]
 91811 | Zot:5    | Gained mutation: You are weak. (Str -2) [potion of
                  | mutation]
 91811 | Zot:5    | Gained mutation: You have a pair of antennae on your head.
                  | [potion of mutation]
 91903 | Zot:1    | Identified the +1 leather armour of Time Monsters {rF+
                  | Will+ Dex+2}
 92045 | Depths:1 | Voluntarily entered the Abyss.
 92045 | Abyss:1  | Found a corrupted altar of Lugonu.
 92067 | Abyss:1  | Found a corrupted altar of Lugonu.
 92145 | Abyss:1  | Paralysed by accursed screaming for 1 turns
 92213 | Abyss:2  | Gained mutation: You are frail. (-10% HP) [a cacodemon]
 92383 | Abyss:2  | Gained mutation: You are very frail. (-20% HP) [a neqoxec]
 92491 | Abyss:4  | Lost mutation: [You sometimes lose the ability to read
                  | scrolls when taking damage.] [potion of mutation]
 92491 | Abyss:4  | Lost mutation: You occasionally shout uncontrollably at
                  | your foes. [potion of mutation]
 92491 | Abyss:4  | Lost mutation: You are weak. (Str -2) [potion of mutation]
 92491 | Abyss:4  | Lost mutation: You are clumsy. (Dex -2) [potion of
                  | mutation]
 92491 | Abyss:4  | Gained mutation: Your flesh is cold resistant. (rC+)
                  | [potion of mutation]
 92494 | Abyss:4  | Found a basalt altar of Yredelemnul.
 92531 | Abyss:4  | Gained mutation: Your body sometimes deteriorates upon
                  | taking damage. [a neqoxec]
 92541 | Abyss:5  | Entered Level 5 of the Abyss
 92625 | Abyss:5  | Gained mutation: You are extremely frail. (-30% HP) [a
                  | neqoxec]
 92935 | Abyss:5  | Lost intelligence.
 92983 | Abyss:5  | Paralysed by accursed screaming for 1 turns
 92985 | Abyss:5  | HP: 7/136 [wretched star/lance of force (7)]
 92992 | Abyss:5  | HP: 11/136 [starcursed mass/accursed screaming (9)]
 92994 | Abyss:5  | HP: 2/136 [constriction (5)]
 92994 | Abyss:5  | Killed from afar by a starcursed mass

Vanquished Creatures
  5 dread liches
  5 ancient liches
  6 orbs of fire
  Mara (Depths:3)
  A juggernaut (Depths:2)
  4 Killer Klowns
  A curse toe (Zot:2)
  Bai Suzhen (Vaults:3)
  The ghost of Eldin the Sorcerer, a veteran DEWz of Sif Muna (Vaults:4)
  Saint Roka (Depths:2)
  14 golden dragons
  3 caustic shrikes
  A profane servitor (Abyss:2)
  Nikola (Depths:2)
  A bone dragon (Abyss:5)
  2 electric golems (Zot:5)
  Arachne (Spider:3)
  A hellephant (Abyss:5)
  18 tentacled monstrosities
  6 liches
  3 walking crystal tomes
  3 walking earthen tomes (Depths:4)
  10 quicksilver dragons
  A walking frostbound tome (Depths:4)
  25 Orb Guardians (Zot:5)
  Asterion (Spider:2)
  5 titans
  An acid blob (Spider:3)
  5 deep elf blademasters
  A walking divine tome (Depths:4)
  A deep elf master archer (Elf:3)
  4 tentacled starspawn
  12 death cobs
  8 sphinxes
  3 thorn hunters
  4 tengu reavers
  14 shadow dragons
  9 draconian monks
  A rockslime (Zot:5)
  Donald (Spider:2)
  10 storm dragons
  A daeva (Depths:1)
  9 draconian knights
  6 fire giants
  16 frost giants
  2 fenstrider witches
  25 vault wardens
  10 emperor scorpions
  3 iron dragons
  7 deep elf sorcerers
  Aizul (Swamp:4)
  6 draconian shifters
  An angel (Abyss:5)
  Louise (Swamp:3)
  3 draconian scorchers
  2 cacodemons
  An orc warlord (Vaults:3)
  3 draconian stormcallers
  10 ghost moths
  A ghoul (Swamp:4)
  5 draconian annihilators
  3 spriggan defenders
  29 very ugly things
  4 broodmothers
  28 ironbound preservers
  18 stone giants
  6 vampire knights
  8 ironbound thunderhulks
  A reaper (Abyss:5)
  7 deep elf elementalists
  Nessos (D:13)
  A war gargoyle (Vaults:1)
  3 deep elf demonologists (Elf:3)
  6 green draconians
  5 eleionomae
  11 black draconians
  19 white draconians
  18 red draconians
  2 bunyips
  A minotaur (Gauntlet)
  16 dire elephants
  8 deep elf annihilators
  15 spark wasps
  12 purple draconians
  8 entropy weavers
  Azrael (Spider:2)
  7 yellow draconians
  A crystal guardian (Vaults:4)
  The ghost of Serogusm the Archer, a journeyman CeAM of Okawaru (Lair:5)
  An eidolon (Abyss:1)
  3 deep elf death magi
  3 jiangshi (Depths:3)
  13 fire dragons
  14 ettins
  A blizzard demon (Abyss:1)
  7 great orbs of eyes
  7 deep elf high priests
  24 hydras
  Josephine (D:13)
  A hydra (shapeshifter) (Vaults:5)
  7 rakshasas
  2 shambling mangroves (Swamp:4)
  14 yaktaur captains
  A peacekeeper (Vaults:4)
  4 ice dragons
  2 spriggan air magi (Depths:4)
  35 vault guards
  Erolcha (D:10)
  3 jorogumos
  6 centaur warriors
  5 catoblepae
  9 boulder beetles
  15 ironbound frosthearts
  4 ogre magi
  A death knight (Abyss:2)
  2 ghost crabs
  4 radroaches
  A satyr (Abyss:1)
  6 deep troll shamans
  4 deep troll earth magi
  25 dancing weapons
  5 death yaks
  6 alligators
  13 two-headed ogres
  A hell hog (Depths:1)
  15 thrashing horrors
  7 tengu warriors
  3 vampire magi
  Urug (Lair:4)
  6 hell knights (Depths:2)
  3 orc high priests (Orc:2)
  A sun demon (Depths:1)
  4 wretched stars
  19 deep elf knights
  6 skeletal warriors
  A soul eater (Depths:1)
  2 sixfirhies (Abyss:2)
  4 iron trolls
  5 goliath frogs
  3 shadow wraiths
  4 spriggan berserkers
  2 sun moths
  2 death drakes (Swamp:3)
  A fire crab (shapeshifter) (D:10)
  6 pharaoh ants
  A spectral anaconda (Lair:6)
  A spatial maelstrom (Abyss:1)
  6 steelbarb worms
  2 golden dragon zombies
  A glowing orange brain (shapeshifter) (Depths:4)
  5 flayed ghosts
  4 spriggan druids
  A deep troll (shapeshifter) (Depths:2)
  55 deep trolls
  A tengu zombie (Depths:1)
  The ghost of xzight the Covered, a novice GrFi of Okawaru (D:6)
  11 glowing orange brains
  8 wizards
  10 bog bodies
  17 ironbound convokers
  15 swamp dragons
  7 deep elf archers
  11 orb spiders
  4 harpies
  3 lindwurms (Vaults:2)
  25 deep elf pyromancers
  8 orc knights
  An orange crystal statue (Depths:3)
  An anaconda skeleton (Abyss:3)
  10 necromancers
  A sphinx zombie (Vaults:5)
  A tengu skeleton (Vaults:3)
  15 deep elf zephyrmancers
  41 ugly things
  4 phantasmal warriors
  13 cyclopes
  An oklob plant (Spider:3)
  A sphinx skeleton (D:15)
  6 orc sorcerers
  A wolf spider (shapeshifter) (Depths:4)
  15 wolf spiders
  A frost giant zombie (D:15)
  A will-o-the-wisp (Swamp:1)
  30 starcursed masses
  An elephant (shapeshifter) (Vaults:5)
  9 human skeletons
  15 elephants
  2 frost giant skeletons
  3 shadow dragon skeletons
  28 moths of wrath
  8 black mambas
  A black mamba (shapeshifter) (Vaults:4)
  A guardian serpent (shapeshifter) (Vaults:4)
  2 manticores
  A stone giant skeleton (Vaults:3)
  20 vault sentinels
  6 torpor snails
  7 smoke demons
  2 orange demons (Abyss:2)
  19 cane toads
  2 hellions
  2 gargoyles
  An unseen horror (shapeshifter) (Elf:1)
  3 rime drakes
  An unseen horror (D:7)
  3 freezing wraiths
  2 kobold demonologists (D:13)
  4 efreet
  6 demonic crawlers
  2 tengu conjurers
  4 ancient zymes
  24 yaktaurs
  10 komodo dragons
  A yaktaur (shapeshifter) (Elf:3)
  A wind drake (shapeshifter) (Abyss:5)
  A yaktaur skeleton (Vaults:5)
  5 hellwings (Abyss:5)
  2 queen bees
  2 red devils (Depths:2)
  4 polar bears
  9 trolls
  6 meliai (Spider:2)
  A merfolk (shapeshifter) (Depths:4)
  16 hornets
  5 raiju
  A blink frog (shapeshifter) (Vaults:4)
  28 slime creatures
  A tengu simulacrum (Depths:1)
  30 tarantellas
  Grinder (D:3)
  2 spectral elephants (Lair:6)
  15 blink frogs
  8 tyrant leeches
  5 dream sheep
  2 spriggan zombies
  A deep troll skeleton (Vaults:3)
  28 jumping spiders
  9 spriggans
  2 dire elephant simulacra
  31 yaks
  2 culicivoras (shapeshifter)
  8 water elementals
  3 air elementals
  3 ynoxinuls
  28 culicivoras
  7 wraiths
  3 shadows
  3 ettin skeletons (Vaults:3)
  11 wyverns
  3 fire bats (Depths:1)
  12 fire elementals
  A golden eye (shapeshifter) (D:14)
  3 steam dragons
  2 basilisks (Lair:5)
  4 neqoxecs
  64 redbacks
  4 chaos spawn
  22 vampire mosquitoes
  2 death yak simulacra (Lair:6)
  3 redbacks (shapeshifter)
  A swamp worm (shapeshifter) (Abyss:5)
  12 swamp worms
  3 wargs
  A spatial vortex (Abyss:1)
  7 acid dragons
  5 small abominations
  A spectral cane toad (Lair:6)
  A hell hound (Spider:2)
  A cane toad zombie (D:10)
  16 water moccasins
  2 floating eyes
  A hornet zombie (D:6)
  12 large abominations
  23 orc warriors
  2 ice beasts
  4 black bears
  8 swamp drakes
  A sky beast (shapeshifter) (Depths:4)
  A black bear (shapeshifter) (Vaults:4)
  An elephant zombie (Lair:6)
  9 boggarts
  7 ogres
  2 sky beasts (D:6)
  4 necrophages
  3 wolves (Lair:4)
  An elephant skeleton (Lair:6)
  18 centaurs
  2 phantoms
  3 elf zombies
  A gnoll sergeant (D:13)
  2 kobold brigands
  13 bullfrogs
  2 wyvern zombies (D:8)
  2 cane toad simulacra (Lair:6)
  2 earth elementals
  6 scorpions
  5 water moccasin zombies
  A wyvern skeleton (D:5)
  54 killer bees
  An elephant simulacrum (Lair:6)
  9 wights
  8 electric eels
  3 crimson imps (Gauntlet)
  5 centaur zombies
  3 lava snakes (Lair:6)
  3 bullfrog zombies
  13 orc priests
  2 hounds
  A centaur skeleton (D:6)
  2 iguanas
  Ijyb (D:3)
  Terence (D:2)
  21 orc wizards
  2 hell rats (Lair:5)
  3 mummies
  A howler monkey zombie (D:8)
  A howler monkey skeleton (D:7)
  An adder (shapeshifter) (Vaults:4)
  9 gnolls
  11 adders
  10 river rats (Lair:5)
  2 white imps
  3 ufetubi
  7 adder zombies (Ossuary)
  A worm (D:5)
  76 orcs
  3 ball pythons
  5 bats
  A giant cockroach (shapeshifter) (Vaults:4)
  5 gnoll zombies (Ossuary)
  3 goblins
  5 hobgoblins
  7 jackals
  11 kobolds
  4 quokkas
  A frilled lizard (D:3)
  A hobgoblin zombie (Ossuary)
  4 kobold zombies (Ossuary)
  3 orc zombies (Ossuary)
  5 rats
  A rat (shapeshifter) (Vaults:4)
  7 briar patches (Swamp:4)
  2 starspawn tentacles (Abyss:5)
2337 creatures vanquished.

Vanquished Creatures (others)
  A lich (Depths:4)
  2 deep elf knights
  A wretched star (Abyss:5)
  An ugly thing (Depths:2)
  3 deep elf zephyrmancers
  5 bloated husks
  2 large abominations (Abyss:5)
  A hornet (Swamp:4)
  2 culicivoras (Spider:2)
  A spriggan (Swamp:4)
  A neqoxec (Abyss:5)
  A swamp drake (Swamp:4)
  A wight (D:9)
  A briar patch (Swamp:4)
  A bush (Abyss:5)
  2 foxfires (Swamp:1)
  32 fungi
  82 plants
  6 starspawn tentacles
  21 withered plants
167 creatures vanquished.

Grand Total: 2504 creatures vanquished

Table legend: (Time is in decaauts)
 A = Elapsed time spent in this place.
 B = Non-inter-level travel time spent in this place.
 C = Inter-level travel time spent in this place.
 D = Time resting spent in this place.
 E = Time spent auto-exploring this place.
 F = Levels seen in this place.
 G = Mean time per level.
                   A        B        C        D        E       F      G
               +--------+--------+--------+--------+--------+-----+--------+
         Total |  91455 |  84598 |   6857 |  32760 |  34915 |  60 | 1524.2 |
       Dungeon |  24220 |  21748 |   2472 |   7730 |  10157 |  15 | 1614.7 |
        Temple |    233 |    210 |     23 |      0 |    194 |   1 |  233.0 |
          Lair |  10867 |  10268 |    599 |   4339 |   4210 |   6 | 1811.2 |
         Swamp |   5770 |   5588 |    182 |   2628 |   2010 |   4 | 1442.5 |
   Spider Nest |   7488 |   7113 |    375 |   3624 |   2091 |   4 | 1872.0 |
  Orcish Mines |   3916 |   3030 |    886 |   1288 |   1061 |   2 | 1958.0 |
   Elven Halls |   5732 |   5397 |    335 |   2060 |   2225 |   3 | 1910.7 |
        Vaults |  11416 |  10183 |   1233 |   2982 |   4710 |   5 | 2283.2 |
        Depths |   8352 |   7882 |    470 |   2933 |   3373 |   4 | 2088.0 |
           Zot |  10001 |   9723 |    278 |   3882 |   3991 |   5 | 2000.2 |
         Abyss |   1800 |   1800 |      0 |    673 |    443 |   7 |  257.1 |
       Ossuary |    375 |    375 |      0 |    177 |     68 |   1 |  375.0 |
       Volcano |    396 |    396 |      0 |    170 |     31 |   1 |  396.0 |
      Gauntlet |    836 |    836 |      0 |    272 |    350 |   1 |  836.0 |
         Arena |     46 |     46 |      0 |      0 |      0 |   1 |   46.0 |
               +--------+--------+--------+--------+--------+-----+--------+

Top non-repeatable levels by time:
     D:8: 3159 daAuts
Depths:4: 2874 daAuts
   Zot:5: 2755 daAuts
Vaults:2: 2714 daAuts
     D:9: 2661 daAuts
  Lair:6: 2560 daAuts
   Orc:2: 2531 daAuts
Vaults:1: 2377 daAuts
   Elf:2: 2338 daAuts
  Lair:5: 2327 daAuts
Vaults:5: 2282 daAuts
  Lair:4: 2240 daAuts
Vaults:3: 2213 daAuts
     D:7: 2202 daAuts
Spider:4: 2191 daAuts

Table legend:
 A = Non-vault XP
 B = Vault XP
 C = Vault XP percentage of total XP
 D = Non-vault monster count
 E = Vault monster count
 F = Vault count percentage of total count
                 A         B        C        D         E       F
            +---------+---------+-------+---------+---------+-------
      Total |  673020 |  740997 |  52.4 |    1376 |     964 |  41.2
            +---------+---------+-------+---------+---------+-------
        D:1 |      14 |       0 |   0.0 |       7 |       0 |   0.0
        D:2 |      69 |      36 |  34.3 |      15 |       1 |   6.2
        D:3 |     233 |     309 |  57.0 |      21 |       4 |  16.0
        D:4 |     219 |       8 |   3.5 |      15 |       3 |  16.7
        D:5 |    1054 |     110 |   9.5 |      26 |       2 |   7.1
        D:6 |     791 |    2063 |  72.3 |       9 |      13 |  59.1
        D:7 |     846 |    5031 |  85.6 |      15 |      22 |  59.5
        D:8 |    4855 |    2673 |  35.5 |      33 |      11 |  25.0
        D:9 |    1970 |    5904 |  75.0 |      22 |      40 |  64.5
       D:10 |    3518 |     878 |  20.0 |      15 |       2 |  11.8
       D:11 |    3771 |       0 |   0.0 |      28 |       0 |   0.0
       D:12 |    7036 |       0 |   0.0 |      24 |       0 |   0.0
       D:13 |    5368 |    2874 |  34.9 |      24 |       7 |  22.6
       D:14 |    8824 |    5265 |  37.4 |      19 |       9 |  32.1
       D:15 |   18026 |    4704 |  20.7 |      26 |       8 |  23.5
     Lair:1 |    3089 |    3135 |  50.4 |      11 |      30 |  73.2
     Lair:2 |    2680 |     536 |  16.7 |      11 |       2 |  15.4
     Lair:3 |    6655 |     685 |   9.3 |      17 |       1 |   5.6
     Lair:4 |    3947 |    9627 |  70.9 |      16 |      20 |  55.6
     Lair:5 |   10631 |    1152 |   9.8 |      27 |      14 |  34.1
     Lair:6 |   13258 |   13882 |  51.1 |      39 |      34 |  46.6
    Swamp:1 |   12776 |    4666 |  26.8 |      29 |       5 |  14.7
    Swamp:2 |    5091 |    5105 |  50.1 |      12 |       9 |  42.9
    Swamp:3 |   10123 |    1678 |  14.2 |      12 |       3 |  20.0
    Swamp:4 |   16377 |   18089 |  52.5 |      35 |      26 |  42.6
   Spider:1 |   19990 |    2563 |  11.4 |      59 |       3 |   4.8
   Spider:2 |   26799 |    5091 |  16.0 |      70 |       9 |  11.4
   Spider:3 |    8382 |   10532 |  55.7 |      15 |      12 |  44.4
   Spider:4 |   15151 |   22955 |  60.2 |      39 |      48 |  55.2
      Orc:1 |    4557 |     130 |   2.8 |      23 |       1 |   4.2
      Orc:2 |    2291 |    7418 |  76.4 |      12 |      29 |  70.7
      Elf:1 |   16274 |    5151 |  24.0 |      31 |      12 |  27.9
      Elf:2 |    6797 |   22848 |  77.1 |      12 |      30 |  71.4
      Elf:3 |   12474 |   40236 |  76.3 |      20 |      39 |  66.1
   Vaults:1 |   11263 |   31223 |  73.5 |      22 |      37 |  62.7
   Vaults:2 |   40146 |   17743 |  30.7 |      62 |      23 |  27.1
   Vaults:3 |   27555 |   39108 |  58.7 |      32 |      53 |  62.4
   Vaults:4 |   22146 |   32757 |  59.7 |      31 |      37 |  54.4
   Vaults:5 |   40233 |  108629 |  73.0 |      50 |      93 |  65.0
   Depths:1 |   24334 |   15505 |  38.9 |      37 |      14 |  27.5
   Depths:2 |   15236 |   43631 |  74.1 |      21 |      54 |  72.0
   Depths:3 |   21906 |   25230 |  53.5 |      22 |      21 |  48.8
   Depths:4 |       0 |  101340 | 100.0 |       0 |      86 | 100.0
      Zot:1 |   57100 |       0 |   0.0 |      43 |       0 |   0.0
      Zot:2 |   54151 |    3518 |   6.1 |      49 |       2 |   3.9
      Zot:3 |   32001 |       0 |   0.0 |      26 |       0 |   0.0
      Zot:4 |   43759 |       0 |   0.0 |      37 |       0 |   0.0
      Zot:5 |   29254 |  110301 |  79.0 |      24 |      43 |  64.2
    Abyss:1 |       0 |       0 |   N/A |      20 |       1 |   4.8
    Abyss:2 |       0 |       0 |   N/A |      27 |       0 |   0.0
    Abyss:3 |       0 |       0 |   N/A |      12 |       1 |   7.7
    Abyss:4 |       0 |       0 |   N/A |      10 |       0 |   0.0
    Abyss:5 |       0 |       0 |   N/A |      62 |       5 |   7.5
    Ossuary |       0 |     421 | 100.0 |       0 |      26 | 100.0
    Volcano |       0 |    1165 | 100.0 |       0 |       4 | 100.0
   Gauntlet |       0 |    4182 | 100.0 |       0 |      14 | 100.0
      Arena |       0 |     910 | 100.0 |       0 |       1 | 100.0
            +---------+---------+-------+---------+---------+-------
